 Dungeon Crawl Stone Soup version 0.19-a0-1912-g48530cd (webtiles) character file.

1671 Firecrotchwizard the Cruncher (level 8, -2/74 HPs)
             Began as a Minotaur Gladiator on Dec 16, 2016.
             Was a Follower of Okawaru.
             Slain by an orc
             ... wielding a +0 club
              (3 damage)
             ... on level 6 of the Dungeon.
             The game lasted 00:10:34 (5009 turns).

Firecrotchwizard the Cruncher (Minotaur Gladiator)  Turns: 5009, Time: 00:10:35

Health: -2/74      AC: 14    Str: 23    XL:     8   Next: 70%
Magic:  7/7        EV: 10    Int:  9    God:    Okawaru [*.....]
Gold:   264        SH:  0    Dex: 12    Spells: 7/7 levels left

rFire  . . .     SeeInvis .     a - +0 quarterstaff
rCold  + . .     Faith    .     f - +0 chain mail
rNeg   . . .     Spirit   .     (shield currently unavailable)
rPois  .         Reflect  .     c - +0 hat
rElec  .                        (no cloak)
rCorr  .                        j - +0 pair of gloves
MR     .....                    x - +2 pair of boots of Caysm {rC+ Str+2}
Stlth  ..........               (no amulet)
                                y - +4 ring of intelligence
                                r - ring of flight

@: no status effects
A: retaliatory headbutt, horns 2
a: Heroism, Renounce Religion, Evoke Flight


You were on level 6 of the Dungeon.
You worshipped Okawaru.
Okawaru was aware of your devotion.
You were not hungry.

You visited 2 branches of the dungeon, and saw 7 of its levels.

You collected 264 gold pieces.

Inventory:

Hand Weapons
 a - a +0 quarterstaff (weapon)
 u - a +2 dire flail of crushing
Missiles
 d - 2 throwing nets (quivered)
 m - 62 tomahawks
Armour
 b - a +0 leather armour
 c - a +0 hat (worn)
 f - a +0 chain mail (worn)
 j - a +0 pair of gloves (worn)
 x - the +2 pair of boots of Caysm (worn) {rC+ Str+2}
   (You found it on level 4 of the Dungeon)

   It affects your strength (+2).
   It protects you from cold.
 A - the +0 ring mail "Waczeuts" {rC- Str+5}
   (You found it on level 5 of the Dungeon)

   It affects your strength (+5).
   It makes you vulnerable to cold.
Jewellery
 r - a ring of flight (left hand)
 y - a +4 ring of intelligence (right hand)
Wands
 v - a wand of teleportation (5/9)
Scrolls
 h - a scroll of blinking
 k - 2 scrolls of magic mapping
 n - 8 scrolls of identify
 o - 3 scrolls of random uselessness
 p - 3 scrolls of teleportation
 s - 2 scrolls of recharging
 t - a scroll of enchant armour {unknown}
Potions
 e - a potion of haste {unknown}
 g - 2 potions of cure mutation
 i - a potion of flight {unknown}
 q - a potion of cancellation {unknown}
 z - a potion of magic {unknown}
 B - a potion of invisibility {unknown}
 C - a potion of resistance {unknown}
Books
 l - a book of Party Tricks

   Spells                             Type                      Level
   a - Summon Butterflies             Summoning                    1
   b - Apportation                    Translocation                1
   c - Lesser Beckoning               Translocation                3
   d - Tukima's Dance                 Hexes                        3
   e - Alistair's Intoxication        Transmutation/Poison         5
   f - Invisibility                   Hexes                        6
 w - a book of Enchantments

   Spells                             Type                      Level
   a - Cause Fear                     Hexes                        4
   b - Yara's Violent Unravelling     Hexes/Transmutation          5
   c - Silence                        Hexes/Air                    5
   d - Deflect Missiles               Charms/Air                   6
   e - Haste                          Charms                       6
   f - Discord                        Hexes                        8


   Skills:
 * Level 8.0 Fighting
 * Level 9.0 Staves
 - Level 2.0 Throwing
 + Level 5.0 Armour
 + Level 5.5 Dodging


You had 7 spell levels left.
You didn't know any spells.

Dungeon Overview and Level Annotations

Branches:
Dungeon (6/15)             Temple (1/1) D:5
   Lair: D:-1         Crypt: Vaults:-1     Tomb: Vaults:-1

Altars:
Dithmenos
Elyvilon
Fedhas
Gozag
Hepliaklqana
Kikubaaqudgha
Makhleb
Okawaru
Ru
Sif Muna
Trog
Xom
Zin


Innate Abilities, Weirdness & Mutations

You reflexively headbutt those who attack you in melee.
You have a pair of horns on your head.


Message History

The orc hits you but does no damage. x2
Okay, then.
You hit the orc warrior but do no damage.
The orc warrior is moderately wounded.
The orc warrior misses you. You furiously retaliate!
You headbutt the orc warrior (11)! The orc completely misses you.
You thump the orc warrior (10)!
You kill the orc warrior!
Okawaru accepts your kill.
Your Fighting skill increases to level 8!
Your Staves skill increases to level 9!
Your Armour skill increases to level 5!
The orc closely misses you.
You barely miss the orc. You headbutt the orc (3).
The orc is heavily wounded.
The orc barely misses you. You furiously retaliate!
You headbutt the orc (15)!
You kill the orc!
Okawaru accepts your kill. The orc hits you but does no damage.
You hit the orc but do no damage. The orc hits you with a club (3).
You die...

#### ######
..... ..#..
#.....
...###......
#..........
##..[)......
#...@)......
#.#..o......
##.##........
#.###........
## #.#
#........
#.##.#
#........
#[..##
#........
##<.#
#........
#..##


You could see an orc.

Vanquished Creatures
  An angry ghost (D:4)
  Menkaure (D:4)
  Duvessa (D:4)
  An orc warrior (D:6)
  An ice beast (D:6)
  A phantom (D:4)
  A gnoll sergeant (D:6)
  Dowan (D:4)
  A scorpion (D:4)
  5 wights (D:6)
  3 crimson imps
  3 hounds
  A quasit (D:4)
  An orc priest (D:6)
  A centaur skeleton (D:6)
  3 iguanas
  2 worker ants (D:4)
  A hound zombie (D:5)
  A mummy (D:5)
  5 adders
  8 gnolls
  4 shadow imps
  An adder skeleton (D:4)
  2 dart slugs (D:1)
  3 leopard geckos
  2 orcs
  5 bats
  A giant cockroach (D:4)
  8 goblins
  5 hobgoblins
  6 jackals
  3 quokkas
  2 ball pythons
  2 frilled lizards
  3 hobgoblin zombies (D:5)
  13 kobolds
  A kobold zombie (D:5)
  2 quokka skeletons (D:4)
  8 rats
114 creatures vanquished.

Notes
Turn   | Place    | Note
-------+----------+-------------------------------------------
     0 | D:1      | Firecrotchwizard the Minotaur Gladiator began the quest for the Orb.
     0 | D:1      | Reached XP level 1. HP: 18/18 MP: 0/0
   102 | D:1      | Reached skill level 4 in Staves
   102 | D:1      | Reached XP level 2. HP: 23/25 MP: 1/1
   692 | D:1      | Reached XP level 3. HP: 31/31 MP: 2/2
  1184 | D:3      | Reached XP level 4. HP: 38/39 MP: 3/3
  1562 | D:3      | Reached skill level 5 in Staves
  1896 | D:4      | Got a pair of steaming boots
  1902 | D:4      | Identified the +2 pair of boots of Caysm {rC+ Str+2} (You found it on level 4 of the Dungeon)
  1920 | D:4      | Reached skill level 1 in Armour
  1922 | D:4      | Reached XP level 5. HP: 39/46 MP: 4/4
  2036 | D:4      | Noticed an angry ghost
  2042 | D:4      | Killed an angry ghost
  2042 | D:4      | Reached skill level 5 in Fighting
  2042 | D:4      | Reached skill level 6 in Staves
  2042 | D:4      | Reached XP level 6. HP: 49/56 MP: 5/5
  2223 | D:4      | Noticed Dowan
  2224 | D:4      | Noticed Duvessa
  2236 | D:4      | Killed Duvessa
  2246 | D:4      | HP: 2/56 [Dowan/dagger (3)]
  2263 | D:4      | Killed Dowan
  2263 | D:4      | Reached XP level 7. HP: 15/61 MP: 6/6
  2559 | D:4      | Noticed Menkaure
  2565 | D:4      | Killed Menkaure
  2565 | D:4      | Reached skill level 7 in Staves
  2938 | D:5      | Entered Level 5 of the Dungeon
  2940 | D:5      | Got a fine ring mail
  2951 | D:5      | Identified the cursed +0 ring mail "Waczeuts" {rC- Str+5} (You found it on level 5 of the Dungeon)
  3030 | D:5      | Found a staircase to the Ecumenical Temple.
  3084 | Temple   | Entered the Ecumenical Temple
  3186 | Temple   | Became a worshipper of Warmaster Okawaru
  3526 | D:5      | Reached skill level 5 in Dodging
  4101 | D:6      | Reached XP level 8. HP: 71/71 MP: 7/7
  4123 | D:6      | Reached skill level 8 in Staves
  4413 | D:6      | Reached * piety under Okawaru
  5005 | D:6      | HP: 1/74 [orc warrior/scimitar (19)]
  5007 | D:6      | Reached skill level 9 in Staves
  5007 | D:6      | Reached skill level 5 in Armour
  5009 | D:6      | Slain by an orc

Vault maps used:
D:1:      lightli_arrival_statuegarden
D:2:      serial_bayou_pond_e, serial_bayou_pond_c
D:3:      lemuel_upstairs_altar, first_bread, minmay_goblin_kobold_house
D:4:      minmay_misc_feat_columns, uniq_menkaure, uniq_duvessa
D:5:      minmay_mini_ossuary
Temple:   roderic_octagonal_lattice_temple

Skill      XL: |  1  2  3  4  5  6  7  8 |
---------------+-------------------------+-----
Staves         | 4 5 6 7 9 |  9.0
Fighting       | 3 4 5 6 8 |  8.0
Armour         | 1 2 3 5 |  5.0
Dodging        | 4 5 |  5.5
Throwing       | |  2.0

Action                   |  1- 3 |  4- 6 |  7- 9 || total
-------------------------+-------+-------+-------++-------
Melee: Quarterstaff      |    74 |    65 |   172 ||   311
       Headbutt          |    14 |    15 |    39 ||    68
Throw: Throwing net      |     1 |       |       ||     1
  Use: Scroll            |       |     1 |    11 ||    12
       Potion            |       |     1 |       ||     1
Armor: Leather armour    |     3 |       |       ||     3
       Chain mail        |    39 |    45 |    69 ||   153
Dodge: Dodged            |    44 |    37 |    69 ||   150
